 Dungeon Crawl Stone Soup version 0.32-a0-473-gd044c6f0f0 (webtiles) character file.

Game seed: 17457366897214397143

812 bjtr the Conjurer (level 7, -1/33 HPs)
             Began as a Vine Stalker Conjurer on Feb 25, 2024.
             Was an Initiate of Vehumet.
             Killed by divine providence
             ... invoked by an orc priest
              (11 damage)
             ... on level 5 of the Dungeon.
             The game lasted 00:24:26 (5114 turns).

bjtr the Conjurer (Vine Stalker Conjurer)           Turns: 5114, Time: 00:24:26

Health: -1/33      AC:  9    Str: 10    XL:     7   Next: 93%
Magic:  0/13       EV: 12    Int: 20    God:    Vehumet [......]
Gold:   229        SH:  0    Dex: 12    Spells: 11/12 levels left

rFire   . . .        f - +1 short sword
rCold   . . .        (no shield)
rNeg    . . .        w - +2 leather armour {Will+}
rPois   .            g - +1 hat
rElec   .            h - +0 cloak
rCorr   .            (no gloves)
SInv    +            n - +1 pair of boots
Will    +....        (no amulet)
Stlth   ++           j - ring of see invisible
HPRegen 1.05/turn    (no ring)
MPRegen 0.13/turn

%: guardian spirit
@: no status effects
A: fangs 2, regeneration 1, magic shield, antimagic bite, no potion heal 2
a: Renounce Religion


You were on level 5 of the Dungeon.
You worshipped Vehumet.
Vehumet was noncommittal.
You visited 2 branches of the dungeon, and saw 6 of its levels.

You collected 229 gold pieces.

Inventory:

Hand Weapons
 c - a +0 whip
 f - a +1 short sword (weapon)
 k - the +4 shortbow of Capital Punishment {freeze, *Slow rElec rPois}
   (You found it on level 4 of the Dungeon)

   rElec:     It insulates you from electricity.
   rPois:     It protects you from poison *Slow: It may slow you when you take
   damage.
 p - a +0 dagger of holy wrath
Missiles
 t - 3 poisoned darts
Armour
 g - a +1 hat (worn)
 h - a +0 cloak (worn)
 n - a +1 pair of boots (worn)
 w - a +2 leather armour of willpower (worn)
Jewellery
 j - a ring of see invisible (left hand)
Wands
 a - a wand of polymorph (3)
 s - a wand of flame (4)
Scrolls
 b - a scroll of amnesia
 d - a scroll of immolation
 q - a scroll of silence {unknown}
Potions
 e - a potion of haste
 i - a potion of lignification
 l - a potion of enlightenment {unknown}
 m - a potion of mutation {unknown}
 v - a potion of curing


   Skills:
 + Level 1.6 Fighting
 * Level 3.7 Short Blades
 + Level 1.4 Armour
 + Level 2.5 Dodging
 + Level 4.3 Stealth
 + Level 3.4 Spellcasting
 * Level 6.2 Conjurations
 + Level 0.3 Evocations


You had 11 spell levels left.
You knew the following spells:

 Your Spells              Type           Power      Damage    Failure   Level
a - Magic Dart            Conj           100%       1d8       1%          1

Your spell library contained the following spells:

 Spells                   Type           Power      Damage    Failure   Level
 Searing Ray              Conj           56%        2d6       1%          2
 Call Imp                 Summ           6%         N/A       26%         2
 Sublimation of Blood     Necr           3%         N/A       26%         2
 Fulminant Prism          Conj/Alch      8%         3d7       43%         4
 Iskenderun's Mystic Bla  Conj/Tloc      16%        2d5       43%         4
 Fugue of the Fallen      Necr           3%         N/A       47%         3
 Ozocubu's Armour         Ice            3%         N/A       47%         3
 Irradiate                Conj/Alch      8%         3d14      80%         5
 Manifold Assault         Tloc           3%         N/A       87%         4
 Petrify                  Alch/Erth      3%         N/A       87%         4
 Summon Hydra             Summ           1%         N/A       100%        7


Dungeon Overview and Level Annotations

Branches:
Dungeon (5/15)             Temple (1/1) D:5

Altars:
Ashenzari
Dithmenos
Fedhas
Hepliaklqana
Kikubaaqudgha
Qazlal
Trog
Vehumet
Wu Jian
Yredelemnul

Shops:
D:1 =


Innate Abilities, Weirdness & Mutations

You have extremely sharp teeth.
Your natural rate of healing is unusually fast.
When hurt, damage is shared between your health and your magic reserves.
Your bite disrupts and absorbs the magic of your enemies.
Potions cannot restore your health.


Message History

The orc priest hits you with a +0 flail.
You hit the orc priest but do no damage.
The orc priest is heavily wounded.
The orc priest hits you with a +0 flail!
Unknown command.
You hit the orc priest.
You bite the orc priest, but do no damage.
The orc priest is severely wounded.
The orc priest closely misses you.
Unknown command.
You barely miss the orc priest. You bite the orc priest. You drain its power.
You feel invigorated.
The orc priest is almost dead.
The orc priest hits you with a +0 flail.
Unknown command.
You closely miss the orc priest.
You bite the orc priest, but do no damage.
The orc priest is almost dead.
Unknown command.
You barely miss the orc priest.
You bite the orc priest, but do no damage.
The orc priest is almost dead.
The orc priest hits you with a +0 flail.
Unknown command.
You barely miss the orc priest.
The orc priest is almost dead.
The orc priest completely misses you.
Unknown command.
You hit the orc priest but do no damage.
Your bite misses the orc priest.
The orc priest is almost dead.
The orc priest mumbles some strange prayers to Beogh against you.
Beogh smites you!
* * * LOW HITPOINT WARNING * * *
Unknown command.
You hit the orc priest but do no damage.
The orc priest is almost dead.
The orc priest calls down the wrath of Beogh upon you.
Beogh smites you!
You die...

...o.# .... ..l...##...
.)......... ...(......
.### #........# #...
......... ###...
.##...oS###.##.##
...)...roo@..#..##
.......oo##......#
.#.......###...<.#
.##......##......#
....#........#...#
#......#.##.##...#
.####...##.....#...#
.........<[...#...#
..####...###...###.#...#


You could see an orc priest, an orc wizard (invisible), an adder, 3 orcs and a
quokka.

Vanquished Creatures
  Grinder (D:4)
  2 ice beasts (D:5)
  A scorpion (D:5)
  2 bombardier beetles
  A hound (D:4)
  A sleepcap (D:5)
  An orc wizard (D:4)
  3 gnolls (D:3)
  6 adders
  3 ribbon worms
  9 dart slugs
  9 orcs
  6 endoplasms
  5 giant cockroaches
  8 goblins
  7 hobgoblins
  3 jackals (D:4)
  4 quokkas
  6 ball pythons
  5 bats
  5 frilled lizards
  10 kobolds
  5 rats
103 creatures vanquished.

Vanquished Creatures (others)
  A ball python (D:3)
1 creature vanquished.

Grand Total: 104 creatures vanquished

Notes
Turn   | Place    | Note
-------+----------+-------------------------------------------
     0 | D:1      | bjtr the Vine Stalker Conjurer began the quest for the Orb.
     0 | D:1      | Reached XP level 1. HP: 9/9 MP: 4/4
   163 | D:1      | Reached XP level 2. HP: 13/13 MP: 1/6
   572 | D:1      | Found Seuhemm's Jewellery Emporium.
   740 | D:1      | Reached XP level 3. HP: 16/16 MP: 7/7
  1346 | D:2      | Reached skill level 5 in Conjurations
  1683 | D:3      | Reached XP level 4. HP: 21/21 MP: 3/8
  2334 | D:3      | Reached skill level 1 in Short Blades
  2503 | D:3      | Reached XP level 5. HP: 25/25 MP: 6/10
  3009 | D:3      | Found a blossoming altar of Fedhas.
  3015 | D:3      | Found a stormy altar of Qazlal.
  3591 | D:4      | Noticed Grinder
  3617 | D:4      | Paralysed by Grinder for 4 turns
  3692 | D:4      | Killed Grinder
  3693 | D:4      | Reached skill level 1 in Fighting
  3693 | D:4      | Reached XP level 6. HP: 26/30 MP: 10/12
  3808 | D:4      | Identified the +4 shortbow of Capital Punishment {freeze,
                  | *Slow rElec rPois}
  4002 | D:4      | Reached XP level 7. HP: 15/33 MP: 5/13
  4829 | D:5      | Entered Level 5 of the Dungeon
  4829 | D:5      | Found a staircase to the Ecumenical Temple.
  4836 | Temple   | Entered the Ecumenical Temple
  4846 | Temple   | Became a worshipper of Vehumet
  4878 | D:5      | Reached skill level 6 in Conjurations
  4937 | D:5      | Reached skill level 1 in Armour
  5114 | D:5      | Killed from afar by an orc priest

Illustrated notes

Levels and vault maps discovered:
D:1:      psy_arrival_statuary, layout_basic, serial_shops,
          nicolae_lakefront_shop, minmay_tripent
D:2:      layout_basic
D:3:      kennysheep_slugbush, layout_loops_cross,
          grunt_temple_overflow_forces_of_nature
D:4:      layout_layer_cave, st_stairs_6, minmay_misc_feat_rows,
          minmay_goblin_kobold_house, uniq_grinder
D:5:      layout_cave_pools, minitemple, okawaru_metal_pillars_1_2,
          minmay_temple_entry_junction, hangedman_abyss_or_decor_stabs
Temple:   hellmonk_temple_flake

Skill      XL: |  1  2  3  4  5  6  7 |
---------------+----------------------+-----
Conjurations   | 5 6 |  6.2
Short Blades   | 1 2 3 |  3.7
Dodging        | 2 |  2.5
Spellcasting   | 3 |  3.4
Stealth        | 4 |  4.3
Fighting       | 1 |  1.6
Armour         | 1 |  1.4
Evocations     | |  0.3

Action                     |  1- 3 |  4- 6 |  7- 9 || total
---------------------------+-------+-------+-------++-------
  Melee: Unarmed           |    15 |     1 |       ||    16
         Bite              |    17 |    37 |    24 ||    78
         Short sword       |    50 |   120 |    50 ||   220
         Whip              |     2 |       |       ||     2
         Dagger            |       |    38 |       ||    38
   Fire: Shortbow          |       |     9 |       ||     9
   Cast: Magic Dart        |    55 |    80 |    22 ||   157
  Evoke: Wand              |       |     2 |     9 ||    11
    Use: Potion            |       |     1 |       ||     1
         Scroll            |       |    13 |     1 ||    14
   Stab: Sleeping          |     2 |     4 |     2 ||     8
 Armour: Robe              |    47 |    54 |       ||   101
         Leather armour    |       |    62 |    32 ||    94
         Skin              |       |     1 |       ||     1
  Dodge: Dodged            |    49 |   106 |    24 ||   179

Table legend: (Time is in decaauts)
 A = Elapsed time spent in this place.
 B = Non-inter-level travel time spent in this place.
 C = Inter-level travel time spent in this place.
 D = Time resting spent in this place.
 E = Time spent auto-exploring this place.
 F = Levels seen in this place.
 G = Mean time per level.
                   A        B        C        D        E       F      G
               +--------+--------+--------+--------+--------+-----+--------+
         Total |   5104 |   4979 |    125 |    701 |   3249 |   6 |  850.7 |
       Dungeon |   5083 |   4958 |    125 |    701 |   3249 |   5 | 1016.6 |
        Temple |     20 |     20 |      0 |      0 |      0 |   1 |   20.0 |
               +--------+--------+--------+--------+--------+-----+--------+

Top non-repeatable levels by time:
     D:4: 1515 daAuts
     D:3: 1202 daAuts
     D:2: 1096 daAuts
     D:1: 1009 daAuts
     D:5: 259 daAuts
  Temple: 20 daAuts
